 Dungeon Crawl Stone Soup version 0.30-a0-715-gdb4ae3ece1 (webtiles) character file.

Game seed: 3458391532747595497

128 Crownlay the Grave Robber (level 4, -3/30 HPs)
             Began as a Demonspawn Necromancer on Jan 23, 2023.
             Slain by an orc
             ... wielding a +0 hand axe
              (6 damage)
             ... on level 3 of the Dungeon.
             The game lasted 00:03:43 (2765 turns).

Crownlay the Grave Robber (Demonspawn Necromancer)  Turns: 2765, Time: 00:03:43

Health: -3/30      AC:  3    Str:  8    XL:     4   Next: 86%
Magic:  7/7        EV: 12    Int: 18    God:
Gold:   127        SH:  0    Dex: 14    Spells: 2/7 levels left

rFire   . . .      SeeInvis .    l - +4 hammer (heavy)
rCold   . . .      Faith    .    (no shield)
rNeg    . . .      Spirit   .    a - +0 robe
rPois   .          Reflect  .    (no helmet)
rElec   .          Harm     .    k - +0 cloak
rCorr   .          Rampage  .    (no gloves)
Will    .....                    (no boots)
Stlth   +                        (no amulet)
HPRegen 0.25/turn                (no ring)
MPRegen 0.10/turn                (no ring)

@: confused, invisible
A: powered by pain 1
a: no special abilities


You were on level 3 of the Dungeon.
You visited 1 branch of the dungeon, and saw 3 of its levels.

You collected 127 gold pieces.

Inventory:

Hand Weapons
 l - a +4 heavy hammer (weapon)
Armour
 a - a +0 robe (worn)
 k - a +0 cloak (worn)
Scrolls
 d - 2 scrolls of enchant armour {unknown}
 i - 2 scrolls of identify {unknown}
 j - a scroll of enchant weapon {unknown}
Potions
 b - 3 potions of magic
 f - a potion of heal wounds {unknown}
 g - 3 potions of mutation {unknown}
 h - a potion of curing {unknown}


   Skills:
 - Level 1.7 Dodging
 - Level 1.7 Stealth
 - Level 2.0 Spellcasting
 + Level 6.9 Necromancy


You had 2 spell levels left.
You knew the following spells:

 Your Spells              Type           Power      Damage    Failure   Level
a - Necrotise             Necr           100%       1d9       1%          1
b - Animate Dead          Necr           26%        N/A       11%         4

Your spell library contained the following spells:

 Spells                   Type           Power      Damage    Failure   Level
 Sublimation of Blood     Necr           26%        N/A       1%          2
 Vampiric Draining        Necr           26%        2d7       3%          3
 Agony                    Necr           26%        N/A       30%         5
 Petrify                  Tmut/Erth      1%         N/A       87%         4
 Irradiate                Conj/Tmut      0%         3d11      99%         5


Dungeon Overview and Level Annotations

Branches:
Dungeon (3/15)

Altars:


Innate Abilities, Weirdness & Mutations

You sometimes gain a little power by taking damage.


Message History

You climb downwards.
Found a dagger, a bubbling cyan potion and 17 gold pieces.
There is a stone staircase leading up here.
There are monsters nearby!
The orc shouts!
The orc writhes in agony.
The orc shouts!
The orc wizard shouts!
The orc shouts!
The orc wizard casts a spell at you.
You are confused.
You're too confused to cast spells.
The orc throws a boomerang.
The boomerang barely misses you.
You're too confused to cast spells.
You're too confused to cast spells.
You are too confused!
The orc barely misses you. The orc wizard casts a spell at you.
You are more confused.
The orc throws a boomerang.
The boomerang hits you.
You're too confused to aim your attacks!
You're too confused to aim your attacks!
The orc barely misses you. The orc closely misses you.
The orc wizard hits you but does no damage.
The orc misses you. The orc wizard barely misses you.
The orc barely misses you.
The orc wizard hits you with a +0 dagger.
The orc hits you with a +0 club. The orc hits you but does no damage.
The orc completely misses you. The orc wizard closely misses you.
The orc hits you with a +0 short sword. The orc barely misses you.
The orc hits you with a +0 flail. The orc hits you with a +0 flail!
* * * LOW HITPOINT WARNING * * *
The orc barely misses you. The orc misses you.
The orc wizard hits you but does no damage.
The orc hits you with a +0 club.
* * * LOW HITPOINT WARNING * * *
It was a potion of invisibility.
You fade into invisibility!
The orc hits you with a +0 hand axe.
You die...

.........#
........#
.......#
#......# .
#.....$#
...#......#
#.....ooo.#
......o@o.#
..##......#
#......#
#...)!.#
........#
....#.####
.......
.......


You could see an orc wizard (unable to see you) and 4 orcs.

Vanquished Creatures
  Crazy Yiuf (D:2)
  Robin (D:2)
  3 adders (D:2)
  A worm (D:2)
  A dart slug (D:1)
  4 bats
  An endoplasm (D:1)
  4 giant cockroaches
  6 goblins
  11 hobgoblins
  4 jackals (D:2)
  3 quokkas (D:1)
  4 ball pythons
  A frilled lizard (D:1)
  5 kobolds
  4 rats
54 creatures vanquished.

Vanquished Creatures (collateral kills)
  A frilled lizard (D:1)
  A goblin (D:2)
2 creatures vanquished.

Grand Total: 56 creatures vanquished

Notes
Turn   | Place    | Note
-------+----------+-------------------------------------------
     0 | D:1      | Crownlay the Demonspawn Necromancer began the quest for the
                  | Orb.
     0 | D:1      | Reached XP level 1. HP: 13/13 MP: 3/3
   281 | D:1      | Gained mutation: You sometimes gain a little power by
                  | taking damage. [demonic ancestry]
   281 | D:1      | Reached XP level 2. HP: 18/19 MP: 3/5
   365 | D:1      | Reached skill level 5 in Necromancy
  1067 | D:1      | Reached XP level 3. HP: 21/24 MP: 2/6
  1195 | D:1      | You fall into a shaft and drop 1 floor!
  1772 | D:2      | Reached skill level 6 in Necromancy
  1814 | D:2      | Noticed Robin
  1819 | D:2      | Killed Robin
  1840 | D:2      | Reached XP level 4. HP: 9/30 MP: 0/7
  2450 | D:2      | Found a runed translucent door.
  2451 | D:2      | Noticed Crazy Yiuf
  2504 | D:2      | Learned a level 4 spell: Animate Dead
  2622 | D:2      | Killed Crazy Yiuf
  2765 | D:3      | Slain by an orc

Illustrated notes

Levels and vault maps discovered:
D:1:      wheals_arrival_shading, layout_loops_corners, minmay_pentomino_u2
D:2:      layout_basic, uniq_robin, uniq_crazy_yiuf_cottage
D:3:      layout_rooms, serial_shops, nicolae_shop_bloodbath_and_beyond

Skill      XL: |  1  2  3 |
---------------+----------+-----
Necromancy     | 5 6 |  6.9
Dodging        | |  1.7
Stealth        | |  1.7
Spellcasting   | |  2.0

Action                     |  1- 3 |  4- 6 || total
---------------------------+-------+-------++-------
  Melee: Unarmed           |     4 |       ||     4
         Punch             |     2 |       ||     2
         Dagger            |    10 |     7 ||    17
   Cast: Necrotise         |    79 |    23 ||   102
    Use: Potion            |       |     1 ||     1
   Stab: Distracted        |     1 |       ||     1
 Armour: Robe              |     3 |     4 ||     7
  Dodge: Dodged            |    24 |    17 ||    41

Table legend: (Time is in decaauts)
 A = Elapsed time spent in this place.
 B = Non-inter-level travel time spent in this place.
 C = Inter-level travel time spent in this place.
 D = Time resting spent in this place.
 E = Time spent auto-exploring this place.
 F = Levels seen in this place.
 G = Mean time per level.
                   A        B        C        D        E       F      G
               +--------+--------+--------+--------+--------+-----+--------+
         Total |   2763 |   2732 |     31 |      0 |   2381 |   3 |  921.0 |
       Dungeon |   2763 |   2732 |     31 |      0 |   2381 |   3 |  921.0 |
               +--------+--------+--------+--------+--------+-----+--------+

Top non-repeatable levels by time:
     D:2: 1473 daAuts
     D:1: 1278 daAuts
     D:3: 12 daAuts
